 Dungeon Crawl Stone Soup version 0.25-a0-603-g0321be95db (webtiles) character file.

Game seed: 9289210500713059664, levelgen mode: deterministic

18 Forro the Skirmisher (level 2, 0/24 HPs)
             Began as a Mummy Berserker on Mar 16, 2020.
             Was a Follower of Trog.
             Slain by a centaur (4 damage)
             ... on level 2 of the Dungeon.
             The game lasted 00:10:13 (636 turns).

Forro the Skirmisher (Mummy Berserker)               Turns: 636, Time: 00:10:14

Health: 0/24       AC: 10    Str: 20    XL:     2   Next: 51%
Magic:  2/2        EV:  6    Int:  6    God:    Trog [*.....]
Gold:   81         SH:  0    Dex: 11    Spells: 1/1 levels left

rFire    x . .     SeeInvis .   b - +1 flail
rCold    + . .     Gourm    .   (no shield)
rNeg     + + +     Faith    .   c - +0 plate armour
rPois    ∞         Spirit   .   (no helmet)
rElec    .         Reflect  .   (no cloak)
rCorr    .         Harm     .   (no gloves)
MR       .....                  (no boots)
Stlth    ..........             (no amulet)
HPRegen  0.08/turn              (no ring)
MPRegen  0.08/turn              (no ring)

@: no status effects
A: no food or potions, fire vulnerability, cold resistance 1, negative energy
resistance 3, torment resistance, unbreathing
a: Renounce Religion


You were on level 2 of the Dungeon.
You worshipped Trog.
Trog was aware of your devotion.
You were not hungry.

You visited 1 branch of the dungeon, and saw 2 of its levels.

You collected 81 gold pieces.

Inventory:

Hand Weapons
 a - a +0 flail
 b - a +1 flail (weapon)
Armour
 c - a +0 plate armour (worn)
Scrolls
 d - a scroll of identify


   Skills:
 + Level 3.4 Fighting
   Level 2.5(2.6) Axes
 * Level 0.6(1.7) Maces & Flails
 + Level 1.8 Armour
 - Level 1.6 Dodging


You had one spell level left.
You didn't know any spells.
Your spell library was empty.

Dungeon Overview and Level Annotations

Branches:
Dungeon (1/15)

Altars:


Innate Abilities, Weirdness & Mutations

You do not eat or drink.
Your flesh is vulnerable to fire.
You are immune to poison.
Your flesh is cold resistant. (rC+)
You are immune to negative energy. (rN+++)
You are immune to unholy pain and torment.
You can survive without breathing.


Message History

The arrow completely misses you.
You see here an arrow.
The centaur shoots an arrow.
The arrow hits you.
You see here an arrow.
The centaur unwields a +0 shortbow.
The centaur hits you but does no damage.
You closely miss the centaur. The centaur hits you.
* * * LOW HITPOINT WARNING * * *
The centaur hits you but does no damage.
You hit the centaur but do no damage.
The centaur hits you but does no damage. x2
You barely miss the centaur. The centaur completely misses you.
The centaur hits you but does no damage.
You barely miss the centaur. The centaur hits you.
* * * LOW HITPOINT WARNING * * *
The centaur barely misses you.
You hit the centaur.
The centaur is moderately wounded.
The centaur hits you.
You die...

... .....
.....###########
...............#
...........c....!#
....$....w.@.....#
...........(.....#
........!.(......#
#.........(.......#
#.................#
#.................#
#........((.(.....#
#.<...............#
#.................#


You could see a centaur and a worm.

Vanquished Creatures
  An adder (D:2)
  A leopard gecko (D:2)
  An orc (D:2)
  2 kobolds (D:2)
  A quokka (D:2)
  A bat (D:2)
  A frilled lizard (D:2)
  2 plants (D:1)
10 creatures vanquished.

Notes
Turn   | Place    | Note
-------+----------+-------------------------------------------
     0 | D:1      | Forro the Mummy Berserker began the quest for the Orb.
     0 | D:1      | Reached XP level 1. HP: 18/18 MP: 1/1
   122 | D:1      | You fall into a shaft and drop 1 floor!
   505 | D:2      | Reached XP level 2. HP: 22/24 MP: 2/2
   626 | D:2      | Noticed a centaur
   636 | D:2      | Slain by a centaur

Levels and vault maps discovered:
D:1:      lightli_arrival_windingriver, layout_basic
D:2:      layout_basic

Action                   || total
-------------------------++-------
Melee: Hand axe          ||   101
       Flail             ||    33
  Use: Scroll            ||     3
Armor: Plate armour      ||    39
       Animal skin       ||     1
Dodge: Dodged            ||    24

Table legend:
 A = Non-vault XP
 B = Vault XP
 C = Vault XP percentage of total XP
 D = Non-vault monster count
 E = Vault monster count
 F = Vault count percentage of total count
                 A         B        C        D         E       F
            +---------+---------+-------+---------+---------+-------
      Total |      27 |       0 |   0.0 |       8 |       0 |   0.0
            +---------+---------+-------+---------+---------+-------
        D:2 |      27 |       0 |   0.0 |       8 |       0 |   0.0
            +---------+---------+-------+---------+---------+-------
